 Dungeon Crawl Stone Soup version 0.27.1-35-g4d5d836560 (webtiles) character file.

Game seed: 17416269470344144915

14 Delamore the Sneak (level 2, -2/19 HPs)
             Began as an Octopode Brigand on May 16, 2022.
             Slain by a hobgoblin (5 damage)
             ... on level 1 of the Dungeon.
             The game lasted 00:00:30 (685 turns).

Delamore the Sneak (Octopode Brigand)                Turns: 685, Time: 00:00:31

Health: -2/19      AC:  1    Str: 10    XL:     2   Next: 45%
Magic:  2/2        EV: 12    Int: 13    God:
Gold:   43         SH:  0    Dex: 13    Spells: 1/1 levels left

rFire    . . .     SeeInvis .   a - +2 dagger
rCold    . . .     Faith    .   (no shield)
rNeg     . . .     Spirit   .   (helmet restricted)
rPois    .         Reflect  .   (no amulet)
rElec    .         Harm     .   (no ring)
rCorr    .         Rampage  .   (no ring)
Will     .....                  (no ring)
Stlth    ++++......             (no ring)
HPRegen  0.06/turn              (no ring)
MPRegen  0.08/turn              (no ring)
                                (no ring)
                                (no ring)

@: no status effects
A: almost no armour, amphibious, 8 rings, camouflage 1, gelatinous body 1,
(nimble swimmer 1), tentacles
a: no special abilities


You were on level 1 of the Dungeon.
You visited 1 branch of the dungeon, and saw 2 of its levels.

You collected 43 gold pieces.

Inventory:

Hand Weapons
 a - a +2 dagger (weapon)
Missiles
 b - 8 poisoned darts
 c - 2 curare-tipped darts
 i - 19 stones (quivered)
Scrolls
 d - a scroll of enchant armour {unknown}
 e - a scroll of teleportation {unknown}
 g - a scroll of noise {unknown}
Potions
 f - a potion of curing {unknown}
 h - a potion of flight {unknown}


   Skills:
 - Level 2.0 Fighting
 * Level 2.7 Short Blades
 + Level 2.3 Throwing
 - Level 1.0 Dodging
 - Level 5.3 Stealth


You had one spell level left.
You didn't know any spells.
Your spell library was empty.

Dungeon Overview and Level Annotations

Branches:
Dungeon (2/15)

Altars:


Innate Abilities, Weirdness & Mutations

You cannot wear most types of armour.
You are amphibious.
You can wear up to eight rings at the same time.
Your skin changes colour to match your surroundings (Stealth+).
Your rubbery body absorbs attacks. (AC +1, EV +1)
((You are camouflaged near water. (Stealth+)))
You have tentacles for arms and can constrict up to eight enemies at once.


Message History

Done exploring.
Done exploring.
There is a stone staircase leading down here.
You climb downwards.
There is a stone staircase leading up here.
The hobgoblin shouts!
The adder hisses angrily.
The hobgoblin shouts!
You hear a bark!
The hobgoblin misses you.
You barely miss the hobgoblin. Your grab misses the hobgoblin.
Your squeeze misses the hobgoblin.
A jackal comes into view. x2
The hobgoblin closely misses you. The hobgoblin misses you.
The jackal closely misses you.
There is a stone staircase leading up here.
The jackal bites you. The jackal closely misses you.
The hobgoblin barely misses you. The hobgoblin misses you.
You climb upwards.
There is a stone staircase leading down here.
The hobgoblin hits you. The jackal bites you.
You hit the jackal. Your grab misses the jackal.
The jackal is severely wounded.
The jackal barely misses you.
You hit the jackal.
You kill the jackal!
You barely miss the hobgoblin. You grab the hobgoblin.
You constrict the hobgoblin, but do no damage.
The hobgoblin barely misses you.
You hit the hobgoblin.
The hobgoblin is lightly wounded.
You constrict the hobgoblin, but do no damage.
The hobgoblin escapes!
You swing at nothing.
The hobgoblin hits you.
You hit the hobgoblin. Your grab misses the hobgoblin.
You squeeze the hobgoblin, but do no damage.
The hobgoblin is severely wounded.
The hobgoblin hits you.
* * * LOW HITPOINT WARNING * * *
The hobgoblin hits you.
You die...

....###.# #.....##......#
...## #.# #.....##......#
#######.## #.....#...._..#
#####....# #.......#.8.8.#
.........###......##.....#
#####....##.......####.###
######.......># #.#
##.....#####g# #.# #
##.......###@g# #.# #
#............## #.# #
#.........#### #.#
#.........# #)#
#.........# #.#
#.........# #.#
##.......## #.##
#.........# #..#
#.........# ##.#


You could see 2 hobgoblins.

Vanquished Creatures
  An endoplasm (D:1)
  3 giant cockroaches (D:1)
  A goblin (D:1)
  A hobgoblin (D:1)
  A jackal (D:1)
  2 kobolds (D:1)
  A ball python (D:1)
  2 bats (D:1)
  A rat (D:1)
13 creatures vanquished.

Notes
Turn   | Place    | Note
-------+----------+-------------------------------------------
     0 | D:1      | Delamore the Octopode Brigand began the quest for the Orb.
     0 | D:1      | Reached XP level 1. HP: 14/14 MP: 1/1
   318 | D:1      | Reached XP level 2. HP: 18/19 MP: 2/2
   501 | D:1      | Found a faded altar of an unknown god.
   685 | D:1      | Slain by a hobgoblin

Illustrated notes

Levels and vault maps discovered:
D:1:      dpeg_arrival_prison, layout_rooms, dreamdust_ecumenical_altar_statues
D:2:      layout_basic, kennysheep_minor_cross, uniq_terence

Action                   || total
-------------------------++-------
Melee: Dagger            ||    29
       Constrict         ||     8
       Tentacles         ||     4
 Stab: Sleeping          ||     2
Dodge: Dodged            ||    18
